1949 views
Uploaded 2023-05-12 20:28:12
Game version 1.36 (6115)
17:00 long 4on4 ladder game on (8)Feralas_S2
Saved by DKnight
1949 views
Uploaded 2023-05-12 20:28:12
Game version 1.36 (6115)
17:00 long 4on4 ladder game on (8)Feralas_S2


157 units @ 18.7k
/ 1.9k
70 buildings @ 11.8k
/ 4.3k


| Healing Salve | 5 | 500 |
| Lesser Clarity Potion | 4 | 280 |
| Scroll of Town Portal | 1 | 350 |
| Potion of Lesser Invulnerability | 1 | 150 |
| total: | 11 | 1280g |
| Peon | 6 | 450 | / | 0 |
| Troll Headhunter | 20 | 2800 | / | 400 |
| total: | 26 | 3250g | / | 400w |
| Watch Tower | 4 | 440 | / | 320 |
| Altar of Storms | 1 | 180 | / | 50 |
| War Mill | 1 | 205 | / | 0 |
| Orc Burrow | 4 | 640 | / | 160 |
| Barracks | 2 | 360 | / | 100 |
| Voodoo Lounge | 3 | 390 | / | 90 |
| Great Hall | 1 | 385 | / | 185 |
| Stronghold | 1 | 315 | / | 190 |
| Fortress | 1 | 325 | / | 190 |
| total: | 16 | 2600g | / | 905w |
| 0:02 | Peon |
| 0:02 | Peon |
| 0:02 | Peon |
| 0:03 | Peon |
| 0:04 | Peon |
| 0:35 | Altar of Storms |
| 0:39 | War Mill |
| 0:48 | Orc Burrow |
| 1:05 | Barracks |
| 1:12 | Peon |
| 1:43 | Orc Burrow |
| 2:03 | Voodoo Lounge |
| 2:07 | Troll Headhunter |
| 2:20 | Troll Headhunter |
| 2:31 | Barracks |
| 2:41 | Shockwave |
| 2:45 | Troll Headhunter |
| 2:58 | Orc Burrow |
| 3:14 | Troll Headhunter |
| 3:20 | Healing Salve |
| 3:42 | Endurance Aura |
| 3:46 | Troll Headhunter |
| 4:11 | Troll Headhunter |
| 4:31 | Lesser Clarity Potion |
| 4:32 | Healing Salve |
| 4:40 | Lesser Clarity Potion |
| 4:40 | Healing Salve |
| 4:46 | Steel Ranged Weapons |
| 5:17 | Stronghold |
| 6:04 | Troll Headhunter |
| 6:04 | Troll Headhunter |
| 6:24 | Troll Headhunter |
| 6:26 | Steel Armor |
| 6:46 | Lesser Clarity Potion |
| 6:47 | Healing Salve |
| 6:51 | Spiked Barricades |
| 7:10 | Voodoo Lounge |
| 8:33 | Troll Headhunter |
| 8:34 | Troll Regeneration |
| 8:48 | Orc Burrow |
| 9:02 | Troll Headhunter |
| 9:16 | Voodoo Lounge |
| 9:31 | Shockwave |
| 9:54 | Troll Headhunter |
| 9:56 | Reinforced Defenses |
| 10:07 | Scroll of Town Portal |
| 10:36 | Troll Headhunter |
| 10:54 | Watch Tower |
| 11:01 | Lesser Clarity Potion |
| 11:04 | Healing Salve |
| 12:14 | Potion of Lesser Invulnerability |
| 12:21 | Troll Headhunter |
| 12:31 | Watch Tower |
| 12:31 | Watch Tower |
| 12:38 | Thorium Ranged Weapons |
| 13:38 | Healing Wave |
| 13:46 | Troll Headhunter |
| 13:46 | Troll Headhunter |
| 13:57 | Watch Tower |
| 14:27 | Troll Headhunter |
| 15:12 | Great Hall |
| 15:27 | Fortress |
| 15:28 | Thorium Armor |
| 16:03 | Troll Headhunter |
| 16:03 | Troll Headhunter |
| 16:26 | Endurance Aura |
| 16:31 | Troll Headhunter |
| 16:44 | Hex |
| Right click | 507 |
| Select | 290 |
| Select group | 273 |
| Misc. action | 237 |
| Build/train/purchase | 74 |
| Assign group | 40 |
| Use ability | 34 |
| Item give/drop | 1 |
| Remove unit | 1 |


| Orb of Venom | 1 | 325 |
| Staff of Preservation | 1 | 150 |
| Scroll of Town Portal | 1 | 350 |
| Potion of Lesser Invulnerability | 1 | 150 |
| Boots of Speed | 1 | 250 |
| Circlet of Nobility | 1 | 175 |
| total: | 6 | 1400g |
| Wisp | 34 | 2040 | / | 0 |
| Archer | 19 | 2470 | / | 190 |
| Dryad | 1 | 145 | / | 60 |
| Mountain Giant | 4 | 1400 | / | 400 |
| Druid of the Claw | 1 | 255 | / | 80 |
| total: | 59 | 6310g | / | 730w |
| Ancient Protector | 2 | 270 | / | 160 |
| Altar of Elders | 1 | 180 | / | 50 |
| Moon Well | 8 | 1440 | / | 320 |
| Ancient of War | 1 | 150 | / | 60 |
| Hunter's Hall | 2 | 420 | / | 200 |
| Tree of Life | 1 | 340 | / | 185 |
| Ancient of Wonders | 1 | 90 | / | 30 |
| Ancient of Lore | 2 | 310 | / | 290 |
| Tree of Ages | 1 | 320 | / | 180 |
| Tree of Eternity | 1 | 330 | / | 200 |
| total: | 18 | 3200g | / | 1295w |
| 0:01 | Wisp |
| 0:02 | Wisp |
| 0:09 | Altar of Elders |
| 0:16 | Moon Well |
| 0:20 | Wisp |
| 0:29 | Wisp |
| 0:40 | Wisp |
| 0:43 | Wisp |
| 0:45 | Ancient of War |
| 0:52 | Wisp |
| 1:13 | Wisp |
| 1:23 | Wisp |
| 1:36 | Moon Well |
| 1:40 | Wisp |
| 1:47 | Archer |
| 1:51 | Wisp |
| 2:01 | Archer |
| 2:09 | Force of Nature |
| 2:46 | Archer |
| 2:57 | Archer |
| 3:14 | Tree of Ages |
| 3:21 | Entangling Roots |
| 3:50 | Hunter's Hall |
| 3:56 | Tree of Life |
| 4:34 | Hunter's Hall |
| 5:29 | Entangling Roots |
| 5:59 | Wisp |
| 5:59 | Wisp |
| 6:01 | Ancient of Lore |
| 6:02 | Improved Bows |
| 6:07 | Moon Well |
| 6:09 | Strength of the Wild |
| 6:18 | Archer |
| 6:34 | Archer |
| 6:50 | Archer |
| 6:51 | Wisp |
| 7:18 | Dryad |
| 7:18 | Abolish Magic |
| 7:20 | Wisp |
| 7:20 | Wisp |
| 7:20 | Wisp |
| 7:20 | Wisp |
| 7:21 | Wisp |
| 8:36 | Force of Nature |
| 8:40 | Tree of Eternity |
| 8:41 | Improved Strength of the Wild |
| 8:42 | Reinforced Hides |
| 8:44 | Wisp |
| 8:44 | Wisp |
| 8:44 | Wisp |
| 8:44 | Wisp |
| 8:45 | Wisp |
| 8:55 | Trueshot Aura |
| 8:55 | Searing Arrows |
| 9:00 | Scroll of Town Portal |
| 9:10 | Potion of Lesser Invulnerability |
| 9:16 | Boots of Speed |
| 9:17 | Circlet of Nobility |
| 9:46 | Wisp |
| 9:48 | Moon Well |
| 9:50 | Ancient of Wonders |
| 9:53 | Ancient of Lore |
| 9:55 | Moon Well |
| 9:57 | Wisp |
| 9:59 | Ancient Protector |
| 10:08 | Druid of the Claw Adept Training |
| 10:22 | Moon Well |
| 10:26 | Ancient Protector |
| 10:26 | Wisp |
| 10:33 | Archer |
| 11:16 | Archer |
| 11:16 | Archer |
| 11:16 | Archer |
| 11:16 | Archer |
| 11:16 | Archer |
| 12:03 | Archer |
| 12:13 | Hardened Skin |
| 12:13 | Mountain Giant |
| 12:14 | Mountain Giant |
| 12:15 | Wisp |
| 12:34 | Orb of Venom |
| 12:35 | Staff of Preservation |
| 12:44 | Wisp |
| 12:44 | Wisp |
| 12:44 | Wisp |
| 12:45 | Advanced Strength of the Wild |
| 12:46 | Improved Reinforced Hides |
| 12:59 | Strength of the Moon |
| 13:01 | Wisp |
| 13:38 | Druid of the Claw Master Training |
| 13:46 | Trueshot Aura |
| 14:05 | Archer |
| 14:06 | Marksmanship |
| 14:09 | Mountain Giant |
| 14:10 | Resistant Skin |
| 14:14 | Nature's Blessing |
| 14:31 | Archer |
| 15:00 | Mountain Giant |
| 15:01 | Druid of the Claw |
| 15:03 | Wisp |
| 15:03 | Wisp |
| 15:09 | Moon Armor |
| 15:14 | Moon Well |
| 15:16 | Moon Well |
| 15:40 | Entangling Roots |
| 16:21 | Archer |
| 16:22 | Archer |
| 16:50 | Archer |
| Right click | 896 |
| Select | 376 |
| Misc. action | 249 |
| Build/train/purchase | 103 |
| Use ability | 29 |
| Select group | 24 |
| Assign group | 17 |
| Resource trade | 10 |
| Esc | 4 |
| Item give/drop | 2 |
| Remove unit | 2 |


| Sacrificial Skull | 1 | 50 |
| Rod of Necromancy | 1 | 150 |
| Potion of Mana | 2 | 400 |
| Potion of Healing | 2 | 300 |
| Dust of Appearance | 1 | 75 |
| Scroll of Town Portal | 2 | 700 |
| Boots of Speed | 1 | 250 |
| Potion of Lesser Invulnerability | 1 | 150 |
| total: | 11 | 2075g |
| Acolyte | 17 | 1275 | / | 0 |
| Ghoul | 24 | 2880 | / | 0 |
| Gargoyle | 2 | 350 | / | 60 |
| Obsidian Statue | 1 | 200 | / | 35 |
| total: | 44 | 4705g | / | 95w |
| Nerubian Tower | 1 | 100 | / | 20 |
| Spirit Tower | 1 | 145 | / | 40 |
| Crypt | 5 | 1000 | / | 250 |
| Ziggurat | 7 | 1050 | / | 350 |
| Altar of Darkness | 1 | 180 | / | 50 |
| Tomb of Relics | 1 | 130 | / | 30 |
| Necropolis | 1 | 225 | / | 0 |
| Graveyard | 1 | 215 | / | 0 |
| Slaughterhouse | 2 | 280 | / | 270 |
| Halls of the Dead | 1 | 320 | / | 210 |
| Black Citadel | 1 | 325 | / | 230 |
| total: | 18 | 3080g | / | 950w |
| 0:02 | Acolyte |
| 0:02 | Acolyte |
| 0:09 | Crypt |
| 0:12 | Ziggurat |
| 0:24 | Altar of Darkness |
| 0:50 | Tomb of Relics |
| 1:13 | Ghoul |
| 1:14 | Ghoul |
| 1:17 | Ziggurat |
| 1:39 | Ghoul |
| 1:48 | Ghoul |
| 2:16 | Ziggurat |
| 2:18 | Ziggurat |
| 2:21 | Ghoul |
| 2:36 | Ghoul |
| 3:00 | Sacrificial Skull |
| 3:00 | Dust of Appearance |
| 3:01 | Rod of Necromancy |
| 3:09 | Ghoul |
| 3:10 | Acolyte |
| 3:47 | Carrion Swarm |
| 3:53 | Necropolis |
| 4:07 | Vampiric Aura |
| 4:24 | Ziggurat |
| 4:44 | Ghoul |
| 4:44 | Ghoul |
| 4:49 | Carrion Swarm |
| 5:37 | Acolyte |
| 5:37 | Acolyte |
| 5:37 | Acolyte |
| 5:37 | Acolyte |
| 5:38 | Nerubian Tower |
| 5:41 | Halls of the Dead |
| 5:42 | Ghoul |
| 6:35 | Ghoul |
| 6:35 | Ghoul |
| 6:35 | Ghoul |
| 6:35 | Ghoul |
| 6:35 | Ghoul |
| 6:47 | Ziggurat |
| 6:52 | Graveyard |
| 7:01 | Crypt |
| 7:04 | Crypt |
| 7:06 | Crypt |
| 7:27 | Crypt |
| 8:12 | Acolyte |
| 8:12 | Acolyte |
| 8:12 | Acolyte |
| 8:13 | Acolyte |
| 8:30 | Spirit Tower |
| 8:33 | Ghoul |
| 8:34 | Black Citadel |
| 9:10 | Acolyte |
| 9:10 | Acolyte |
| 9:35 | Potion of Mana |
| 9:36 | Scroll of Town Portal |
| 9:38 | Potion of Healing |
| 9:49 | Acolyte |
| 10:02 | Acolyte |
| 10:03 | Acolyte |
| 10:05 | Acolyte |
| 10:27 | Ziggurat |
| 10:56 | Vampiric Aura |
| 11:08 | Ghoul Frenzy |
| 11:09 | Ghoul |
| 11:09 | Ghoul |
| 12:08 | Ghoul |
| 12:21 | Scroll of Town Portal |
| 12:22 | Boots of Speed |
| 12:24 | Potion of Lesser Invulnerability |
| 12:50 | Ghoul |
| 12:50 | Ghoul |
| 12:52 | Unholy Strength |
| 12:53 | Unholy Armor |
| 12:55 | Slaughterhouse |
| 13:45 | Potion of Mana |
| 13:45 | Potion of Healing |
| 13:48 | Ghoul |
| 13:49 | Ghoul |
| 13:59 | Carrion Swarm |
| 14:13 | Death Coil |
| 14:49 | Ghoul |
| 14:51 | Destroyer Form |
| 14:53 | Slaughterhouse |
| 14:55 | Improved Unholy Strength |
| 15:10 | Improved Unholy Armor |
| 16:02 | Unholy Aura |
| 16:17 | Gargoyle |
| 16:17 | Gargoyle |
| 16:20 | Obsidian Statue |
| Right click | 492 |
| Select | 351 |
| Misc. action | 249 |
| Select group | 103 |
| Build/train/purchase | 85 |
| Use ability | 28 |
| Assign group | 21 |
| Item give/drop | 3 |
| Esc | 1 |



| Rod of Necromancy | 4 | 600 |
| Sacrificial Skull | 1 | 50 |
| Potion of Healing | 4 | 600 |
| Potion of Mana | 1 | 200 |
| Lesser Clarity Potion | 2 | 140 |
| Orb of Corruption | 1 | 375 |
| Scroll of Town Portal | 2 | 700 |
| Scroll of Protection | 1 | 150 |
| Scroll of Speed | 1 | 50 |
| total: | 17 | 2865g |
| Acolyte | 10 | 750 | / | 0 |
| Ghoul | 9 | 1080 | / | 0 |
| Crypt Fiend | 4 | 860 | / | 160 |
| Obsidian Statue | 1 | 200 | / | 35 |
| Frost Wyrm | 4 | 1540 | / | 480 |
| total: | 28 | 4430g | / | 675w |
| Nerubian Tower | 2 | 200 | / | 40 |
| Spirit Tower | 2 | 290 | / | 80 |
| Crypt | 2 | 400 | / | 100 |
| Altar of Darkness | 1 | 180 | / | 50 |
| Ziggurat | 8 | 1200 | / | 400 |
| Tomb of Relics | 2 | 260 | / | 60 |
| Graveyard | 1 | 215 | / | 0 |
| Necropolis | 1 | 225 | / | 0 |
| Slaughterhouse | 1 | 140 | / | 135 |
| Boneyard | 2 | 350 | / | 400 |
| Halls of the Dead | 1 | 320 | / | 210 |
| Black Citadel | 1 | 325 | / | 230 |
| total: | 18 | 2970g | / | 1145w |
| 0:01 | Acolyte |
| 0:01 | Acolyte |
| 0:07 | Crypt |
| 0:08 | Crypt |
| 0:13 | Altar of Darkness |
| 0:33 | Ziggurat |
| 1:05 | Ziggurat |
| 1:06 | Tomb of Relics |
| 1:16 | Ghoul |
| 1:29 | Ghoul |
| 1:57 | Ghoul |
| 2:10 | Ghoul |
| 2:22 | Rod of Necromancy |
| 2:33 | Death Coil |
| 2:34 | Ghoul |
| 2:36 | Acolyte |
| 2:36 | Acolyte |
| 3:17 | Unholy Aura |
| 3:28 | Ghoul |
| 3:36 | Rod of Necromancy |
| 3:37 | Sacrificial Skull |
| 3:40 | Acolyte |
| 3:50 | Ziggurat |
| 4:14 | Ghoul |
| 4:26 | Ziggurat |
| 4:42 | Acolyte |
| 4:42 | Acolyte |
| 4:57 | Ghoul |
| 4:57 | Ghoul |
| 5:19 | Graveyard |
| 5:40 | Nerubian Tower |
| 5:44 | Acolyte |
| 5:44 | Acolyte |
| 6:16 | Ziggurat |
| 6:19 | Halls of the Dead |
| 6:29 | Necropolis |
| 6:30 | Death Coil |
| 6:41 | Crypt Fiend |
| 6:51 | Rod of Necromancy |
| 6:59 | Nerubian Tower |
| 7:10 | Crypt Fiend |
| 7:37 | Crypt Fiend |
| 8:15 | Crypt Fiend |
| 8:19 | Acolyte |
| 8:21 | Spirit Tower |
| 8:41 | Black Citadel |
| 8:46 | Slaughterhouse |
| 9:08 | Unholy Aura |
| 9:18 | Ziggurat |
| 9:21 | Tomb of Relics |
| 9:41 | Potion of Healing |
| 9:41 | Potion of Mana |
| 9:41 | Rod of Necromancy |
| 9:43 | Frost Nova |
| 9:54 | Obsidian Statue |
| 9:56 | Creature Attack |
| 9:56 | Creature Carapace |
| 10:14 | Spirit Tower |
| 10:16 | Web |
| 11:20 | Frost Armor |
| 11:26 | Boneyard |
| 11:27 | Boneyard |
| 11:39 | Scroll of Town Portal |
| 11:39 | Lesser Clarity Potion |
| 11:43 | Lesser Clarity Potion |
| 11:45 | Scroll of Speed |
| 11:59 | Ziggurat |
| 12:02 | Impale |
| 12:03 | Orb of Corruption |
| 12:04 | Potion of Healing |
| 12:23 | Improved Creature Attack |
| 12:47 | Frost Wyrm |
| 13:52 | Frost Wyrm |
| 13:53 | Freezing Breath |
| 13:56 | Improved Creature Carapace |
| 14:00 | Potion of Healing |
| 14:04 | Scroll of Town Portal |
| 14:04 | Potion of Healing |
| 14:12 | Destroyer Form |
| 14:22 | Ziggurat |
| 14:59 | Frost Wyrm |
| 15:13 | Scroll of Protection |
| 15:16 | Frost Wyrm |
| 16:09 | Death Coil |
| 16:18 | Spiked Carapace |
| Select group | 726 |
| Right click | 712 |
| Misc. action | 344 |
| Select | 320 |
| Build/train/purchase | 114 |
| Use ability | 50 |
| Assign group | 47 |
| Item give/drop | 6 |
| Resource trade | 5 |
| Minimap ping | 2 |
147 units @ 19k
/ 2k
83 buildings @ 10.1k
/ 4.2k


| Lesser Clarity Potion | 2 | 140 |
| Scroll of Regeneration | 4 | 400 |
| Potion of Healing | 3 | 450 |
| Potion of Mana | 1 | 200 |
| Scroll of Town Portal | 6 | 2100 |
| Scroll of Healing | 1 | 250 |
| Potion of Lesser Invulnerability | 2 | 300 |
| Periapt of Vitality | 1 | 325 |
| total: | 20 | 4165g |
| Peasant | 15 | 1125 | / | 0 |
| Footman | 15 | 2025 | / | 0 |
| Spell Breaker | 4 | 860 | / | 120 |
| Flying Machine | 3 | 300 | / | 90 |
| Sorceress | 1 | 155 | / | 20 |
| total: | 38 | 4465g | / | 230w |
| Scout Tower | 8 | 240 | / | 160 |
| Arcane Tower | 2 | 140 | / | 100 |
| Guard Tower | 3 | 210 | / | 150 |
| Altar of Kings | 1 | 180 | / | 50 |
| Farm | 10 | 800 | / | 200 |
| Barracks | 1 | 160 | / | 60 |
| Arcane Vault | 1 | 130 | / | 30 |
| Lumber Mill | 1 | 120 | / | 0 |
| Town Hall | 1 | 385 | / | 205 |
| Blacksmith | 1 | 140 | / | 60 |
| Arcane Sanctum | 1 | 150 | / | 140 |
| Workshop | 1 | 140 | / | 140 |
| Keep | 1 | 320 | / | 210 |
| Castle | 1 | 360 | / | 210 |
| total: | 26 | 2445g | / | 1045w |
| 0:03 | Peasant |
| 0:03 | Peasant |
| 0:03 | Peasant |
| 0:03 | Peasant |
| 0:03 | Peasant |
| 0:11 | Altar of Kings |
| 0:17 | Farm |
| 0:21 | Peasant |
| 0:35 | Peasant |
| 0:53 | Peasant |
| 0:57 | Farm |
| 1:20 | Barracks |
| 1:28 | Peasant |
| 1:46 | Peasant |
| 1:59 | Scout Tower |
| 2:05 | Peasant |
| 2:12 | Arcane Vault |
| 2:15 | Summon Water Elemental |
| 2:18 | Peasant |
| 2:25 | Footman |
| 2:36 | Farm |
| 2:43 | Peasant |
| 2:51 | Lesser Clarity Potion |
| 3:05 | Footman |
| 3:18 | Arcane Tower |
| 3:24 | Peasant |
| 3:32 | Footman |
| 3:38 | Peasant |
| 3:49 | Scout Tower |
| 3:51 | Scout Tower |
| 3:52 | Scout Tower |
| 3:54 | Scout Tower |
| 4:00 | Lumber Mill |
| 4:16 | Brilliance Aura |
| 4:21 | Arcane Tower |
| 4:24 | Scout Tower |
| 4:35 | Guard Tower |
| 4:39 | Scout Tower |
| 4:42 | Scout Tower |
| 5:12 | Defend |
| 5:12 | Footman |
| 5:18 | Farm |
| 5:20 | Guard Tower |
| 5:30 | Scroll of Regeneration |
| 5:47 | Guard Tower |
| 6:06 | Farm |
| 6:08 | Footman |
| 6:31 | Summon Water Elemental |
| 6:42 | Town Hall |
| 7:21 | Scroll of Town Portal |
| 7:24 | Potion of Lesser Invulnerability |
| 8:10 | Keep |
| 8:39 | Farm |
| 8:42 | Farm |
| 8:46 | Footman |
| 8:49 | Blacksmith |
| 8:51 | Improved Lumber Harvesting |
| 8:56 | Scroll of Regeneration |
| 8:56 | Scroll of Regeneration |
| 8:57 | Lesser Clarity Potion |
| 9:14 | Footman |
| 9:17 | Farm |
| 9:26 | Brilliance Aura |
| 9:38 | Footman |
| 10:15 | Farm |
| 10:19 | Footman |
| 10:22 | Iron Plating |
| 10:22 | Black Gunpowder |
| 10:24 | Farm |
| 10:33 | Scroll of Town Portal |
| 10:33 | Scroll of Town Portal |
| 10:34 | Potion of Healing |
| 11:09 | Iron Forged Swords |
| 11:10 | Footman |
| 11:33 | Footman |
| 12:18 | Arcane Sanctum |
| 12:20 | Footman |
| 12:49 | Scroll of Regeneration |
| 12:56 | Footman |
| 12:58 | Scroll of Town Portal |
| 13:03 | Flame Strike |
| 13:48 | Spell Breaker |
| 13:48 | Spell Breaker |
| 13:48 | Spell Breaker |
| 13:52 | Workshop |
| 13:54 | Footman |
| 14:20 | Scroll of Town Portal |
| 14:20 | Scroll of Healing |
| 14:21 | Potion of Lesser Invulnerability |
| 14:21 | Periapt of Vitality |
| 14:32 | Footman |
| 15:00 | Flying Machine |
| 15:01 | Castle |
| 15:24 | Potion of Healing |
| 16:14 | Potion of Mana |
| 16:14 | Potion of Healing |
| 16:27 | Scroll of Town Portal |
| 16:32 | Flying Machine |
| 16:32 | Flying Machine |
| 16:33 | Sorceress |
| 16:34 | Spell Breaker |
| Select | 325 |
| Right click | 209 |
| Build/train/purchase | 128 |
| Misc. action | 75 |
| Use ability | 13 |
| Item give/drop | 4 |
| Minimap ping | 3 |
| Chat | 3 |


| Lesser Clarity Potion | 9 | 630 |
| Scroll of Regeneration | 4 | 400 |
| Potion of Mana | 5 | 1000 |
| Potion of Healing | 5 | 750 |
| Scroll of Town Portal | 1 | 350 |
| Scroll of Healing | 1 | 250 |
| total: | 25 | 3380g |
| Peasant | 12 | 900 | / | 0 |
| Rifleman | 12 | 2460 | / | 360 |
| Footman | 1 | 135 | / | 0 |
| Priest | 2 | 270 | / | 20 |
| Sorceress | 1 | 155 | / | 20 |
| Mortar Team | 1 | 180 | / | 70 |
| Flying Machine | 6 | 600 | / | 180 |
| Spell Breaker | 1 | 215 | / | 30 |
| total: | 36 | 4915g | / | 680w |
| Scout Tower | 7 | 210 | / | 140 |
| Arcane Tower | 1 | 70 | / | 50 |
| Guard Tower | 3 | 210 | / | 150 |
| Farm | 8 | 640 | / | 160 |
| Altar of Kings | 1 | 180 | / | 50 |
| Blacksmith | 1 | 140 | / | 60 |
| Barracks | 2 | 320 | / | 120 |
| Arcane Vault | 1 | 130 | / | 30 |
| Town Hall | 1 | 385 | / | 205 |
| Lumber Mill | 1 | 120 | / | 0 |
| Workshop | 2 | 280 | / | 280 |
| Arcane Sanctum | 1 | 150 | / | 140 |
| Keep | 1 | 320 | / | 210 |
| total: | 25 | 2555g | / | 1185w |
| 0:02 | Peasant |
| 0:03 | Peasant |
| 0:03 | Peasant |
| 0:19 | Farm |
| 0:20 | Altar of Kings |
| 0:28 | Peasant |
| 0:42 | Blacksmith |
| 0:49 | Barracks |
| 0:55 | Peasant |
| 1:02 | Peasant |
| 1:13 | Peasant |
| 1:17 | Peasant |
| 1:28 | Peasant |
| 1:40 | Farm |
| 1:41 | Farm |
| 2:02 | Rifleman |
| 2:04 | Farm |
| 2:25 | Peasant |
| 2:35 | Peasant |
| 2:40 | Rifleman |
| 2:52 | Storm Bolt |
| 3:05 | Arcane Vault |
| 3:15 | Rifleman |
| 3:34 | Scout Tower |
| 3:37 | Rifleman |
| 3:51 | Farm |
| 3:55 | Thunder Clap |
| 4:00 | Rifleman |
| 4:08 | Scout Tower |
| 4:31 | Storm Bolt |
| 4:40 | Lesser Clarity Potion |
| 4:42 | Lesser Clarity Potion |
| 4:43 | Scroll of Regeneration |
| 4:46 | Scroll of Regeneration |
| 4:59 | Town Hall |
| 5:18 | Arcane Tower |
| 5:21 | Lumber Mill |
| 6:05 | Scout Tower |
| 6:12 | Potion of Mana |
| 6:12 | Potion of Healing |
| 6:22 | Rifleman |
| 6:38 | Guard Tower |
| 6:46 | Keep |
| 6:47 | Improved Lumber Harvesting |
| 7:50 | Footman |
| 8:23 | Scout Tower |
| 8:24 | Scout Tower |
| 8:26 | Peasant |
| 8:28 | Rifleman |
| 8:36 | Rifleman |
| 8:49 | Barracks |
| 8:52 | Guard Tower |
| 8:54 | Scout Tower |
| 8:55 | Scout Tower |
| 9:01 | Black Gunpowder |
| 9:01 | Studded Leather Armor |
| 9:05 | Farm |
| 9:07 | Farm |
| 9:12 | Advanced Lumber Harvesting |
| 9:15 | Rifleman |
| 9:24 | Long Rifles |
| 9:34 | Improved Masonry |
| 9:49 | Lesser Clarity Potion |
| 9:49 | Lesser Clarity Potion |
| 9:51 | Potion of Mana |
| 9:51 | Potion of Healing |
| 9:54 | Potion of Mana |
| 10:08 | Rifleman |
| 10:30 | Thunder Clap |
| 10:33 | Rifleman |
| 10:36 | Rifleman |
| 10:48 | Lesser Clarity Potion |
| 10:48 | Scroll of Regeneration |
| 10:48 | Scroll of Regeneration |
| 10:48 | Potion of Healing |
| 10:56 | Holy Light |
| 10:57 | Guard Tower |
| 11:42 | Refined Gunpowder |
| 12:17 | Workshop |
| 12:19 | Arcane Sanctum |
| 12:36 | Lesser Clarity Potion |
| 12:36 | Lesser Clarity Potion |
| 12:38 | Potion of Mana |
| 13:40 | Potion of Healing |
| 13:40 | Lesser Clarity Potion |
| 13:42 | Priest |
| 13:43 | Sorceress |
| 14:00 | Mortar Team |
| 14:02 | Farm |
| 14:06 | Scroll of Town Portal |
| 14:07 | Scroll of Healing |
| 14:57 | Flak Cannons |
| 14:58 | Flying Machine |
| 14:59 | Workshop |
| 15:08 | Lesser Clarity Potion |
| 15:16 | Flying Machine |
| 15:16 | Flying Machine |
| 15:50 | Potion of Mana |
| 15:50 | Potion of Healing |
| 16:12 | Flying Machine |
| 16:15 | Priest |
| 16:16 | Spell Breaker |
| 16:38 | Flying Machine |
| 16:38 | Flying Machine |
| Right click | 860 |
| Select group | 724 |
| Select | 378 |
| Misc. action | 314 |
| Build/train/purchase | 117 |
| Use ability | 33 |
| Assign group | 32 |
| Minimap ping | 9 |
| Item give/drop | 5 |
forevermore
(17:00) : 

| Scroll of Speed | 6 | 300 |
| Lesser Clarity Potion | 7 | 490 |
| Healing Salve | 4 | 400 |
| Orb of Lightning | 1 | 375 |
| Potion of Mana | 2 | 400 |
| Potion of Healing | 2 | 300 |
| Scroll of Town Portal | 11 | 3850 |
| Boots of Speed | 3 | 750 |
| total: | 36 | 6865g |
| Peon | 15 | 1125 | / | 0 |
| Troll Headhunter | 10 | 1400 | / | 200 |
| Troll Berserker | 5 | 700 | / | 100 |
| Troll Witch Doctor | 2 | 290 | / | 50 |
| Shaman | 1 | 130 | / | 20 |
| total: | 33 | 3645g | / | 370w |
| Watch Tower | 7 | 770 | / | 560 |
| Altar of Storms | 1 | 180 | / | 50 |
| Orc Burrow | 5 | 800 | / | 200 |
| War Mill | 1 | 205 | / | 0 |
| Barracks | 1 | 180 | / | 50 |
| Voodoo Lounge | 2 | 260 | / | 60 |
| Great Hall | 1 | 385 | / | 185 |
| Spirit Lodge | 2 | 300 | / | 300 |
| Stronghold | 3 | 945 | / | 570 |
| Fortress | 1 | 325 | / | 190 |
| total: | 20 | 3080g | / | 1405w |
| 0:01 | Peon |
| 0:01 | Peon |
| 0:02 | Peon |
| 0:02 | Peon |
| 0:18 | Altar of Storms |
| 0:33 | Orc Burrow |
| 0:49 | War Mill |
| 0:57 | Peon |
| 1:09 | Barracks |
| 1:15 | Peon |
| 1:28 | Peon |
| 1:42 | Orc Burrow |
| 2:09 | Troll Headhunter |
| 2:09 | Troll Headhunter |
| 2:17 | Voodoo Lounge |
| 2:21 | Serpent Ward |
| 2:59 | Stronghold |
| 3:01 | Troll Headhunter |
| 3:01 | Troll Headhunter |
| 3:01 | Troll Headhunter |
| 3:40 | Healing Wave |
| 3:45 | Scroll of Speed |
| 3:45 | Lesser Clarity Potion |
| 3:46 | Healing Salve |
| 4:09 | Troll Headhunter |
| 5:09 | Orc Burrow |
| 5:17 | Serpent Ward |
| 5:21 | Troll Headhunter |
| 5:25 | Healing Salve |
| 5:25 | Lesser Clarity Potion |
| 5:25 | Scroll of Speed |
| 5:32 | Troll Headhunter |
| 5:47 | Orc Burrow |
| 5:51 | Reinforced Defenses |
| 6:15 | Scroll of Town Portal |
| 6:15 | Scroll of Town Portal |
| 6:15 | Scroll of Town Portal |
| 6:45 | War Stomp |
| 7:17 | Great Hall |
| 7:22 | Watch Tower |
| 7:24 | Watch Tower |
| 8:19 | Fortress |
| 8:21 | Watch Tower |
| 8:22 | Watch Tower |
| 8:26 | Watch Tower |
| 8:28 | Lesser Clarity Potion |
| 8:35 | Troll Headhunter |
| 8:50 | Voodoo Lounge |
| 8:55 | Watch Tower |
| 9:27 | Scroll of Town Portal |
| 9:27 | Scroll of Town Portal |
| 9:27 | Scroll of Town Portal |
| 9:38 | Lesser Clarity Potion |
| 9:41 | Scroll of Speed |
| 9:41 | Scroll of Speed |
| 9:41 | Scroll of Speed |
| 9:50 | Steel Ranged Weapons |
| 10:14 | Troll Headhunter |
| 10:15 | Orc Burrow |
| 10:43 | Peon |
| 10:43 | Peon |
| 10:44 | Peon |
| 10:44 | Peon |
| 10:45 | Peon |
| 10:46 | Peon |
| 10:51 | Boots of Speed |
| 10:51 | Boots of Speed |
| 10:51 | Boots of Speed |
| 11:16 | Berserker Upgrade |
| 11:19 | Scroll of Town Portal |
| 11:55 | Healing Wave |
| 12:16 | Troll Berserker |
| 12:16 | Troll Berserker |
| 12:20 | Spirit Lodge |
| 12:22 | Spirit Lodge |
| 12:24 | Peon |
| 12:24 | Peon |
| 12:59 | Endurance Aura |
| 13:13 | Troll Berserker |
| 13:13 | Troll Berserker |
| 13:15 | Thorium Ranged Weapons |
| 13:15 | Arcanite Ranged Weapons |
| 13:44 | Witch Doctor Adept Training |
| 13:45 | Shaman Adept Training |
| 13:51 | Scroll of Town Portal |
| 13:51 | Orb of Lightning |
| 13:51 | Lesser Clarity Potion |
| 13:54 | Potion of Mana |
| 13:57 | Lesser Clarity Potion |
| 13:57 | Healing Salve |
| 14:02 | Potion of Healing |
| 14:03 | Potion of Mana |
| 14:08 | Scroll of Speed |
| 14:09 | Healing Salve |
| 14:14 | Watch Tower |
| 14:34 | Troll Regeneration |
| 14:50 | Witch Doctor Master Training |
| 14:52 | Troll Witch Doctor |
| 14:55 | Scroll of Town Portal |
| 15:02 | Potion of Healing |
| 15:15 | Steel Armor |
| 15:21 | Troll Witch Doctor |
| 15:41 | Scroll of Town Portal |
| 16:25 | Troll Berserker |
| 16:27 | Shaman Master Training |
| 16:27 | Shaman |
| 16:29 | Lesser Clarity Potion |
| 16:29 | Scroll of Town Portal |
| 16:58 | Serpent Ward |
| Right click | 1345 |
| Select group | 1040 |
| Select | 374 |
| Misc. action | 182 |
| Build/train/purchase | 146 |
| Use ability | 88 |
| Assign group | 59 |
| Chat | 40 |
| Resource trade | 12 |
| Item give/drop | 9 |
| Minimap ping | 3 |
| Esc | 2 |


| Rod of Necromancy | 3 | 450 |
| Ritual Dagger | 1 | 125 |
| Potion of Healing | 2 | 300 |
| Potion of Mana | 1 | 200 |
| Scroll of Healing | 1 | 250 |
| Scroll of Town Portal | 1 | 350 |
| Scroll of Protection | 1 | 150 |
| total: | 10 | 1825g |
| Acolyte | 13 | 975 | / | 0 |
| Ghoul | 8 | 960 | / | 0 |
| Crypt Fiend | 18 | 3870 | / | 720 |
| Obsidian Statue | 1 | 200 | / | 35 |
| total: | 40 | 6005g | / | 755w |
| Spirit Tower | 5 | 725 | / | 200 |
| Crypt | 1 | 200 | / | 50 |
| Graveyard | 1 | 215 | / | 0 |
| Altar of Darkness | 1 | 180 | / | 50 |
| Ziggurat | 6 | 900 | / | 300 |
| Tomb of Relics | 1 | 130 | / | 30 |
| Necropolis | 1 | 225 | / | 0 |
| Slaughterhouse | 1 | 140 | / | 135 |
| Halls of the Dead | 2 | 640 | / | 420 |
| total: | 12 | 1990g | / | 565w |
| 0:03 | Acolyte |
| 0:03 | Acolyte |
| 0:05 | Crypt |
| 0:33 | Graveyard |
| 0:48 | Altar of Darkness |
| 0:57 | Ziggurat |
| 1:10 | Ghoul |
| 1:23 | Tomb of Relics |
| 1:48 | Ghoul |
| 1:53 | Ziggurat |
| 2:11 | Crypt Fiend |
| 2:45 | Crypt Fiend |
| 2:48 | Rod of Necromancy |
| 2:55 | Death Coil |
| 2:55 | Acolyte |
| 3:50 | Crypt Fiend |
| 3:58 | Unholy Aura |
| 4:17 | Halls of the Dead |
| 4:33 | Necropolis |
| 5:24 | Death Coil |
| 5:31 | Rod of Necromancy |
| 5:35 | Ritual Dagger |
| 6:13 | Acolyte |
| 6:21 | Crypt Fiend |
| 7:02 | Ghoul |
| 7:02 | Ghoul |
| 7:02 | Ghoul |
| 7:22 | Scroll of Healing |
| 7:29 | Scroll of Protection |
| 7:56 | Ghoul |
| 8:35 | Crypt Fiend |
| 9:23 | Acolyte |
| 9:23 | Acolyte |
| 9:23 | Ziggurat |
| 9:42 | Ziggurat |
| 9:43 | Acolyte |
| 9:47 | Ghoul |
| 9:47 | Ghoul |
| 9:50 | Crypt Fiend |
| 9:59 | Death Pact |
| 10:14 | Potion of Healing |
| 10:14 | Scroll of Town Portal |
| 10:17 | Potion of Mana |
| 10:20 | Spirit Tower |
| 11:01 | Crypt Fiend |
| 11:12 | Potion of Healing |
| 11:21 | Burrow |
| 11:35 | Crypt Fiend |
| 12:06 | Frost Nova |
| 12:06 | Crypt Fiend |
| 12:12 | Spirit Tower |
| 12:30 | Crypt Fiend |
| 12:33 | Ziggurat |
| 12:34 | Ziggurat |
| 12:35 | Acolyte |
| 12:35 | Acolyte |
| 12:44 | Slaughterhouse |
| 13:14 | Acolyte |
| 13:14 | Acolyte |
| 13:19 | Crypt Fiend |
| 13:23 | Crypt Fiend |
| 13:32 | Acolyte |
| 13:32 | Acolyte |
| 14:09 | Crypt Fiend |
| 14:16 | Dark Ritual |
| 14:51 | Crypt Fiend |
| 14:53 | Obsidian Statue |
| 15:05 | Crypt Fiend |
| 15:19 | Rod of Necromancy |
| 15:34 | Crypt Fiend |
| 16:03 | Crypt Fiend |
| 16:23 | Death Coil |
| 16:48 | Crypt Fiend |
| Right click | 1010 |
| Select group | 723 |
| Select | 374 |
| Build/train/purchase | 113 |
| Misc. action | 55 |
| Assign group | 46 |
| Use ability | 33 |
| Chat | 14 |
| Resource trade | 5 |
| Remove unit | 3 |
| Item give/drop | 2 |
| Minimap ping | 2 |
| Esc | 1 |
⇛